 Dungeon Crawl Stone Soup version 0.30-a0-743-gbfdf073431 (webtiles) character file.

Game seed: 10599012324697458977

77359 funkygono the Eclecticist (level 15, -1/77 HPs)
             Began as a Gargoyle Fire Elementalist on Feb 6, 2023.
             Was the Champion of Vehumet.
             Slain by a sun demon (9 damage)
             ... summoned by an orc high priest
             ... on level 2 of the Orcish Mines on Feb 7, 2023.
             The game lasted 01:05:12 (21516 turns).

funkygono the Eclecticist (GrFE)                   Turns: 21516, Time: 01:05:12

Health: -1/77      AC: 29    Str: 13    XL:     15   Next: 56%
Magic:  16/34      EV: 14    Int: 22    God:    Vehumet [******]
Gold:   2408       SH:  0    Dex: 13    Spells: 14/45 levels left

rFire   + . .      SeeInvis +    Z - +6 morningstar
rCold   + + .      Faith    .    (no shield)
rNeg    + . .      Spirit   .    S - +4 skin of Zhor {*Englaciate rC+++ SInv}
rPois   ∞          Reflect  .    J - +2 hood of the Assassin {Detect Stab+ Stlth++}
rElec   +          Harm     .    k - +2 cloak {rCorr}
rCorr   +          Rampage  .    (no gloves)
Will    +....                    m - +2 pair of boots
Stlth   ++++                     L - amulet of magic regeneration
HPRegen 0.32/turn                a - ring of Trepidation {Fire rPois Dex+3 Slay+3}
MPRegen 0.64/turn                f - +4 ring of protection

@: flying
A: sickness immunity, AC +11, big wings, negative energy resistance 1,
electricity resistance, torment resistance 1, petrification resistance
a: Renounce Religion


You were on level 2 of the Orcish Mines.
You worshipped Vehumet.
Vehumet was exalted by your worship.
You visited 4 branches of the dungeon, and saw 20 of its levels.
You also visited: Gauntlet and Ice Cave.

You collected 2408 gold pieces.

Inventory:

Hand Weapons
 d - the +7 scimitar of Ezeegh Anufe {protect, Will+ Int+3 Dex+3}
   (You took it off an orc warrior on level 2 of the Orcish Mines)

   Int:       It affects your intelligence (+3).
   Dex:       It affects your dexterity (+3).
   Will:      It increases your willpower.
 Z - a +6 morningstar (weapon)
Armour
 k - a +2 cloak of preservation (worn)
 m - a +2 pair of boots (worn)
 r - a +2 robe of resistance
 J - the +2 hood of the Assassin (worn) {Detect Stab+ Stlth++}
   (You found it in an ice cave)

   Detect:    It allows the wearer to sense nearby creatures.
   Stab+:     It allows the wearer to make particularly effective stabbing
   attacks against helpless or unaware enemies with any weapon.
   Stlth:     It makes you much more stealthy.
 S - the +4 skin of Zhor (worn) {*Englaciate rC+++ SInv}
   (You found it on level 3 of the Dungeon)

   *Englaciate: It radiates cold, occasionally slowing all nearby creatures who
   are not resistant to cold.
   rC:        It renders you almost immune to cold.
   SInv:      It lets you see invisible.
Magical Staves
 y - a staff of cold
Jewellery
 a - the ring of Trepidation (left hand) {Fire rPois Dex+3 Slay+3}
   (You found it in a Gauntlet)

   [ring of fire]

   It enhances your fire magic.
   Dex:       It affects your dexterity (+3).
   Slay:      It affects your accuracy & damage with ranged weapons and melee
   (+3).
   rF:        It protects you from fire.
   rC:        It makes you vulnerable to cold.
   rPois:     It protects you from poison.
 f - a +4 ring of protection (right hand)
 o - a ring of magical power
 w - a ring of resist corrosion
 I - an amulet of regeneration
 L - an amulet of magic regeneration (around neck)
Wands
 p - a wand of light (6)
 u - a wand of flame (66)
 K - a wand of mindburst (57)
 X - a wand of iceblast (21)
Scrolls
 c - 4 scrolls of poison
 h - 2 scrolls of fog
 n - 2 scrolls of magic mapping
 t - 3 scrolls of identify
 x - 2 scrolls of amnesia
 B - 4 scrolls of blinking
 H - 8 scrolls of teleportation
 V - 3 scrolls of fear
Potions
 b - 3 potions of magic
 e - a potion of ambrosia
 g - 4 potions of heal wounds
 i - 8 potions of curing
 l - 10 potions of might
 q - 3 potions of haste
 v - 4 potions of mutation
 F - 4 potions of resistance
 G - a potion of invisibility
 U - 2 potions of brilliance


   Skills:
 + Level 2.9 Fighting
 + Level 3.9 Maces & Flails
 + Level 5.5 Dodging
 - Level 2.1 Stealth
 + Level 1.2 Shields
 + Level 15.5 Spellcasting
 + Level 14.1 Conjurations
 + Level 15.2 Fire Magic
 + Level 1.8 Air Magic
 + Level 3.5 Earth Magic


You had 14 spell levels left.
You knew the following spells:

 Your Spells              Type           Power      Damage    Failure   Level
a - Foxfire               Conj/Fire      100%       2x1d9     0%          1
b - Scorch                Fire           100%       2d10      0%          2
c - Kindle Blastsparks    Fire/Tloc/Air  100%       2d18      1%          3
d - Flame Wave            Conj/Fire      89%        2d19      1%          4
e - Searing Ray           Conj           100%       2d8       0%          2
f - Lightning Bolt        Conj/Air       25%        1d41      1%          5
g - Starburst             Conj/Fire      44%        6d12      1%          6
h - Stone Arrow           Conj/Erth      100%       3d13      1%          3
i - Fireball              Conj/Fire      44%        3d18      1%          5

Your spell library contained the following spells:

 Spells                   Type           Power      Damage    Failure   Level
 Ozocubu's Refrigeration  Ice            8%         4d9       99%         7
 Kiss of Death            Conj/Necr      100%       2d13      1%          1
 Sandblast                Erth           64%        2d14      1%          1
 Poisonous Vapours        Pois/Air       42%        N/A       1%          2
 Static Discharge         Conj/Air       100%       2-7/arc   1%          2
 Inner Flame              Hex/Fire       66%        N/A       1%          3
 Mephitic Cloud           Conj/Pois/Air  40%        N/A       1%          3
 Arcjolt                  Conj/Air       25%        1d35      1%          5
 Iskenderun's Battlesphe  Conj           68%        2d12      1%          5
 Passwall                 Tmut/Erth      20%        N/A       2%          2
 Necrotise                Necr           68%        1d7       3%          1
 Frozen Ramparts          Ice            34%        1d6       3%          3
 Freezing Cloud           Conj/Ice/Air   20%        6-21      3%          5
 Iron Shot                Conj/Erth      27%        9d6       4%          6
 Vhi's Electric Charge    Tloc/Air       42%        N/A       7%          3
 Confusing Touch          Hex            17%        N/A       11%         3
 Tukima's Dance           Hex            17%        N/A       11%         3
 Vampiric Draining        Necr           17%        2d7       11%         3
 Yara's Violent Unravell  Hex/Tmut       8%         3d5       24%         5
 Dispel Undead            Necr           17%        3d10      34%         4
 Ice Form                 Ice/Tmut       17%        N/A       34%         4
 Passage of Golubria      Tloc           17%        N/A       34%         4
 Summon Ice Beast         Ice/Summ       17%        N/A       34%         4
 Spellforged Servitor     Conj/Summ      24%        N/A       36%         7
 Silence                  Hex/Air        10%        N/A       54%         5
 Agony                    Necr           17%        N/A       67%         5
 Summon Forest            Summ/Tloc      8%         N/A       67%         5
 Eringya's Noxious Bog    Tmut/Pois      8%         N/A       75%         6
 Simulacrum               Ice/Necr       8%         N/A       99%         6
 Summon Hydra             Summ           8%         N/A       100%        7
 Death's Door             Necr           8%         N/A       100%        9
 Polar Vortex             Ice            8%         N/A       100%        9
 Shatter                  Erth           16%        3d15*     100%        9
 Cigotuvi's Dreadful Rot  Necr/Pois/Air  Unusable   N/A       N/A         2

Dungeon Overview and Level Annotations

Branches:
Dungeon (12/15)            Temple (1/1) D:4            Lair (5/5) D:11
  Swamp (0/4) Lair:2        Snake (0/4) Lair:2        Slime (0/5) Lair:5
    Orc (2/2) D:12            Elf (0/3) Orc:2         IceCv (visited)
Gauntlet (visited)

Altars:
Ashenzari
Cheibriados
Dithmenos
Elyvilon
Fedhas
Gozag
Hepliaklqana
Kikubaaqudgha
Makhleb
Nemelex Xobeh
Okawaru
Qazlal
Ru
Sif Muna
Trog
Uskayaw
Vehumet
Wu Jian
Xom
Yredelemnul
Zin
The Shining One

Shops:
D:5 =   D:9 *   D:12 ?*?*

Annotations:
D:5 3 runed translucent doors, CaliBri's ghost, novice MiFi; jazmu's ghost, amateur DsEE


Innate Abilities, Weirdness & Mutations

You are immune to sickness and miasma.
Your stone body is resilient. (AC +11)
You are immune to poison.
Your large and strong wings let you fly.
You resist negative energy. (rN+)
You are resistant to electric shocks. (rElec)
You are resistant to unholy torment.
You are immune to petrification.


Message History

Vehumet accepts your kill.
You feel your power returning.
An orc priest comes into view. It is wielding a +0 mace.
The orc warlord roars a battlecry!
The orc priest goes into a battle-frenzy!
Casting: Starburst (dangerous; 1% risk of failure)
Confirm with . or Enter, or press ? or * to list all spells.
Casting: Starburst (dangerous; 1% risk of failure)
Press: ? - help, Dir - look around, f - activate
Okay, then.
Casting: Starburst (dangerous; 1% risk of failure)
Confirm with . or Enter, or press ? or * to list all spells.
Casting: Starburst (dangerous; 1% risk of failure)
Press: ? - help, Dir - look around, f - activate You feel a surge of power!
The bolt of fire hits the sun demon.
The sun demon completely resists.
The bolt of fire hits the orc warlord!!
The orc warlord is almost dead.
The bolt of fire hits the orc priest!!!
You kill the orc priest!
Vehumet accepts your kill.
You feel your power returning.
An orc knight comes into view. It is wielding a +0 battleaxe.
The sun demon hits you but does no damage.
Unknown command.
Casting: Starburst (dangerous; 1% risk of failure)
Confirm with . or Enter, or press ? or * to list all spells.
Casting: Starburst (dangerous; 1% risk of failure)
Press: ? - help, Dir - look around, f - activate You feel a surge of power!
The bolt of fire hits the sun demon.
The sun demon completely resists.
The bolt of fire hits the orc warlord!!
You kill the orc warlord!
Vehumet accepts your kill.
You feel your power returning.
The bolt of fire misses the orc priest.
The sun demon is no longer moving slowly.
An orc priest comes into view. It is wielding a +4 whip.
An orc high priest comes into view. It is wielding a +4 trident of venom.
The sun demon hits you!
* * * LOW HITPOINT WARNING * * *
You are engulfed in flames!
You resist.
You die...

o...))))....##
#.)oo)....#.##
#o..)).......#
#o..)....#.##
##...)..### #
#..o.o.##
##.#o)o# #
##3## ##)@.#
#...####
###..##.##
#........#
#........##
##.......## ..
#........## ..
#..........#
..
##.#......###


You could see an orc knight (strong), 2 orc high priests, a sun demon
(summoned), 3 orc priests, an orc wizard (strong, invisible, slow) and an orc
(strong, slow).

Vanquished Creatures
  An orc warlord (Orc:2)
  A minotaur (Gauntlet)
  An ice dragon (D:12)
  Harold (D:10)
  2 hydras
  A boulder beetle (Lair:2)
  An ironbound frostheart (IceCv)
  2 two-headed ogres
  16 death yaks
  2 orc high priests (Orc:2)
  Sonja (D:11)
  Amaemon (Lair:2)
  4 sixfirhies (Gauntlet)
  2 orc knights
  A necromancer (Gauntlet)
  2 deep elf zephyrmancers (Orc:2)
  A deep elf pyromancer (Orc:2)
  A deep elf archer (Orc:2)
  A manticore (D:6)
  Maurice (D:10)
  3 cyclopes
  2 orc sorcerers (Orc:2)
  Joseph (D:7)
  6 elephants
  8 black mambas
  An ice statue (IceCv)
  An orange demon (Lair:2)
  5 cane toads
  An unseen horror (D:6)
  5 rime drakes
  2 kobold demonologists (D:12)
  6 komodo dragons
  5 trolls
  6 hornets
  18 polar bears
  9 blink frogs
  A raiju (Gauntlet)
  9 dream sheep (Lair:5)
  6 slime creatures (D:12)
  12 spriggans (Lair:5)
  A water elemental (D:12)
  A vampire (D:11)
  80 yaks
  5 wyverns
  4 basilisks
  2 steam dragons
  6 vampire mosquitoes (D:12)
  Menkaure (D:4)
  4 wargs
  Edmund (D:4)
  3 acid dragons
  13 water moccasins
  An ice beast (D:7)
  32 orc warriors
  A sky beast (D:8)
  7 black bears
  57 wolves
  8 ogres
  5 boggarts (Lair:5)
  4 centaurs
  Blork the orc (D:5)
  8 bullfrogs
  A necrophage (D:5)
  4 kobold brigands
  3 scorpions
  18 wights
  4 electric eels (D:12)
  5 jellies (Lair:5)
  2 howler monkeys (D:8)
  3 hounds
  20 orc priests
  Ijyb (D:3)
  5 iguanas
  17 orc wizards
  7 hell rats (Lair:5)
  4 adders
  4 shadow imps
  2 white imps
  An ufetubus (D:5)
  A worm (D:3)
  4 dart slugs
  68 orcs
  7 endoplasms
  3 giant cockroaches
  6 goblins
  4 hobgoblins
  2 jackals (D:1)
  21 kobolds
  A quokka (D:4)
  5 ball pythons
  4 bats
  4 frilled lizards
  4 rats
  A bush (Lair:5)
631 creatures vanquished.

Vanquished Creatures (collateral kills)
  11 foxfires
11 creatures vanquished.

Vanquished Creatures (others)
  A bush (Lair:4)
  1596 foxfires
  32 fungi
  132 plants
  6 withered plants (D:5)
1767 creatures vanquished.

Grand Total: 2409 creatures vanquished

Notes
Turn   | Place    | Note
-------+----------+-------------------------------------------
     0 | D:1      | funkygono the Gargoyle Fire Elementalist began the quest
                  | for the Orb.
     0 | D:1      | Reached XP level 1. HP: 10/10 MP: 3/3
   243 | D:1      | Reached XP level 2. HP: 10/15 MP: 1/5
   249 | D:1      | Learned a level 2 spell: Scorch
  1090 | D:2      | Reached XP level 3. HP: 19/19 MP: 2/6
  1094 | D:2      | Learned a level 3 spell: Kindle Blastsparks
  2079 | D:3      | Noticed an ogre
  2084 | D:3      | Killed an ogre
  2085 | D:3      | Reached XP level 4. HP: 24/24 MP: 1/8
  2085 | D:3      | Reached XP level 5. HP: 28/28 MP: 1/9
  2270 | D:3      | Found the +4 skin of Zhor {*Englaciate rC+++ SInv}
  2568 | D:3      | Identified the +1 leather armour "Archeeczah" {Stlth+}
  2588 | D:3      | Noticed Ijyb
  2595 | D:3      | Killed Ijyb
  2954 | D:4      | Reached XP level 6. HP: 32/32 MP: 0/11
  2959 | D:4      | Learned a level 4 spell: Flame Wave
  2990 | D:4      | Identified the +2 trident "Xuotyofi" {protect, +Blink Will-
                  | rCorr Dex-3}
  3074 | D:4      | Found a snail-covered altar of Cheibriados.
  3148 | D:4      | Noticed Edmund
  3157 | D:4      | Killed Edmund
  3245 | D:4      | Got the Elucidation of the Beginning
  3281 | D:4      | Noticed Menkaure
  3290 | D:4      | Killed Menkaure
  3291 | D:4      | Reached skill level 5 in Fire Magic
  3291 | D:4      | Reached XP level 7. HP: 31/36 MP: 4/13
  3500 | D:4      | Found a staircase to the Ecumenical Temple.
  3517 | Temple   | Entered the Ecumenical Temple
  3529 | Temple   | Became a worshipper of Vehumet
  3853 | D:5      | Entered Level 5 of the Dungeon
  4032 | D:5      | Noticed Blork the orc
  4040 | D:5      | Killed Blork the orc
  4152 | D:5      | Reached XP level 8. HP: 23/41 MP: 9/15
  4316 | D:5      | Reached skill level 5 in Spellcasting
  4365 | D:5      | Identified the +9 dagger of Nilib Layt {freeze, Contam
                  | Fragile rC+++ SInv}
  4455 | D:5      | Found a runed translucent gate.
  4456 | D:5      | Found a runed translucent gate.
  4457 | D:5      | Found a runed translucent gate.
  4458 | D:5      | Noticed jazmu's ghost (amateur DsEE)
  4458 | D:5      | Noticed CaliBri's ghost (novice MiFi)
  4766 | D:5      | Found Douptodgh's Jewellery Shop.
  5022 | D:6      | Noticed a two-headed ogre
  5211 | D:6      | Reached skill level 1 in Shields
  5283 | D:6      | Noticed a manticore
  5292 | D:6      | Killed a manticore
  5293 | D:6      | Reached skill level 5 in Conjurations
  5457 | D:6      | Found a sparkling altar of Nemelex Xobeh.
  5581 | D:6      | Reached XP level 9. HP: 38/46 MP: 13/18
  5690 | D:6      | Reached * piety under Vehumet
  5690 | D:6      | Offered knowledge of Freeze by Vehumet.
  5739 | D:6      | Found a sacrificial altar of Ru.
  5837 | D:6      | Found an iron altar of Okawaru.
  5942 | D:6      | Killed a two-headed ogre
  5943 | D:6      | Reached skill level 1 in Maces & Flails
  6081 | D:6      | Killed an unseen horror
  6487 | D:7      | Noticed Joseph
  6504 | D:7      | Killed Joseph
  6505 | D:7      | Reached skill level 1 in Fighting
  6505 | D:7      | Reached XP level 10. HP: 12/52 MP: 3/22
  6978 | D:7      | Offered knowledge of Searing Ray by Vehumet.
  6985 | D:7      | Learned a level 2 spell: Searing Ray
  7034 | D:7      | Reached ** piety under Vehumet
  7286 | D:7      | Found an ornate altar of the Wu Jian Council.
  7701 | D:8      | Identified the +3 dagger "Giantbane" {venom, Dex+5}
  8672 | D:9      | Found Utoate's Overcharged Wands.
  8711 | D:9      | Offered knowledge of Hailstorm by Vehumet.
  8731 | D:9      | Found a broken altar of Ashenzari.
  8918 | D:9      | Reached *** piety under Vehumet
  8954 | D:9      | Reached skill level 10 in Fire Magic
  9097 | D:9      | Found a shimmering altar of Xom.
  9204 | D:9      | Reached XP level 11. HP: 56/56 MP: 21/24
  9392 | D:9      | Found a shimmering blue altar of Sif Muna.
  9589 | D:9      | Learned a level 5 spell: Lightning Bolt
  9621 | D:10     | Entered Level 10 of the Dungeon
  9737 | D:10     | Offered knowledge of Dazzling Flash by Vehumet.
  9756 | D:10     | Noticed Harold
  9769 | D:10     | Killed Harold
  9770 | D:10     | Reached skill level 10 in Spellcasting
 10011 | D:10     | Found a glowing golden altar of the Shining One.
 10047 | D:10     | Noticed Maurice
 10067 | D:10     | Killed Maurice
 10408 | D:10     | Reached **** piety under Vehumet
 10744 | D:11     | Identified the +8 ring mail "Azecvyna" {rPois}
 10770 | D:11     | Noticed a cyclops
 10771 | D:11     | Offered knowledge of Fulminant Prism by Vehumet.
 10789 | D:11     | Killed a cyclops
 10793 | D:11     | Noticed a two-headed ogre
 10798 | D:11     | Killed a two-headed ogre
 10969 | D:11     | Found a gate leading to a gauntlet.
 10976 | Gauntlet | Entered a Gauntlet
 10976 | Gauntlet | Noticed a necromancer
 10976 | Gauntlet | Found a transporter.
 10976 | Gauntlet | Found a runed translucent door.
 10976 | Gauntlet | Found a runed translucent door.
 10979 | Gauntlet | Found a transporter.
 10981 | Gauntlet | Found a transporter.
 10984 | Gauntlet | Noticed a sixfirhy
 10996 | Gauntlet | Found a transporter.
 10998 | Gauntlet | Found a transporter.
 11000 | Gauntlet | Noticed a death yak
 11003 | Gauntlet | Noticed a death yak
 11003 | Gauntlet | Noticed a death yak
 11004 | Gauntlet | Noticed a death yak
 11004 | Gauntlet | Noticed a death yak
 11005 | Gauntlet | Noticed a necromancer
 11010 | Gauntlet | Found a transporter.
 11021 | Gauntlet | Noticed a death yak
 11022 | Gauntlet | Noticed a death yak
 11022 | Gauntlet | Noticed a death yak
 11023 | Gauntlet | Found a transporter.
 11024 | Gauntlet | Noticed a death yak
 11025 | Gauntlet | Noticed a death yak
 11033 | Gauntlet | Found a transporter.
 11040 | Gauntlet | Noticed a sixfirhy
 11040 | Gauntlet | Noticed a sixfirhy
 11043 | Gauntlet | Found a transporter.
 11043 | Gauntlet | Noticed a sixfirhy
 11047 | Gauntlet | Found a transporter.
 11047 | Gauntlet | Found a transporter.
 11048 | Gauntlet | Noticed a sixfirhy
 11049 | Gauntlet | Found a transporter.
 11074 | Gauntlet | Found a transporter.
 11087 | Gauntlet | Found a transporter.
 11169 | Gauntlet | Killed a necromancer
 11307 | Gauntlet | Killed a sixfirhy
 11308 | Gauntlet | Reached XP level 12. HP: 61/61 MP: 25/27
 11317 | Gauntlet | Identified the ring of Trepidation {Fire rPois Dex+3
                  | Slay+3}
 11340 | Gauntlet | Noticed a minotaur
 11350 | Gauntlet | Killed a minotaur
 11419 | Gauntlet | Got Ihupa's Atlas of Topography and the Oath
 11500 | D:11     | Noticed Sonja
 11513 | D:11     | Killed Sonja
 11542 | D:11     | Found a staircase to the Lair.
 12058 | D:12     | Found Oxufaneiru's General Store.
 12077 | D:12     | Found Omnoamm's Magic Scroll Shoppe.
 12221 | D:12     | Found a frozen archway.
 12222 | D:12     | Noticed an ice dragon
 12234 | D:12     | Killed an ice dragon
 12295 | IceCv    | Entered an ice cave
 12326 | IceCv    | Reached skill level 10 in Conjurations
 12430 | IceCv    | Noticed a death yak
 12433 | IceCv    | Noticed a death yak
 12433 | IceCv    | Noticed a death yak
 12442 | IceCv    | Killed a death yak
 12444 | IceCv    | Killed a death yak
 12449 | IceCv    | Killed a death yak
 12462 | IceCv    | Reached ***** piety under Vehumet
 12462 | IceCv    | Offered knowledge of Starburst by Vehumet.
 12483 | IceCv    | Learned a level 6 spell: Starburst
 12643 | IceCv    | Reached XP level 13. HP: 67/67 MP: 26/29
 13229 | IceCv    | Found the +2 hood of the Assassin {Detect Stab+ Stlth++}
 14042 | D:12     | Reached skill level 5 in Dodging
 14219 | D:12     | Found Fiwad's Assorted Antiques.
 14294 | D:12     | Found Fuid's Magic Scroll Emporium.
 14410 | D:12     | Found a staircase to the Orcish Mines.
 14631 | D:12     | Learned a level 3 spell: Stone Arrow
 14637 | D:12     | Learned a level 5 spell: Fireball
 14773 | Lair:1   | Entered Level 1 of the Lair of Beasts
 15102 | Lair:1   | Identified the +1 flail of Foliul {drain, rN+++ Int-5 Dex-5
                  | SInv}
 15352 | Lair:1   | Identified the +1 robe of Grot {Regen+}
 15939 | Lair:2   | Found a glowing silver altar of Zin.
 15966 | Lair:2   | Reached skill level 1 in Earth Magic
 16019 | Lair:2   | Noticed Amaemon
 16026 | Lair:2   | Killed Amaemon
 16096 | Lair:2   | Gained mutation: Your large and strong wings let you fly.
                  | [Gargoyle growth]
 16096 | Lair:2   | Reached XP level 14. HP: 72/72 MP: 26/31
 16500 | Lair:2   | Found a staircase to the Swamp.
 16549 | Lair:2   | Found a staircase to the Snake Pit.
 16977 | Lair:3   | Reached skill level 1 in Air Magic
 17047 | Lair:3   | Offered knowledge of Orb of Destruction by Vehumet.
 18581 | Lair:5   | Entered Level 5 of the Lair of Beasts
 19078 | Lair:5   | Reached XP level 15. HP: 76/76 MP: 27/33
 19308 | Lair:5   | Reached ****** piety under Vehumet
 19356 | Lair:5   | Reached skill level 15 in Spellcasting
 19370 | Lair:5   | Offered knowledge of Lee's Rapid Deconstruction by Vehumet.
 19583 | Lair:5   | Found a staircase to the Slime Pits.
 20630 | Orc:1    | Entered Level 1 of the Orcish Mines
 20768 | Orc:1    | Offered knowledge of Ozocubu's Refrigeration by Vehumet.
 21113 | Orc:2    | Entered Level 2 of the Orcish Mines
 21163 | Orc:2    | Reached skill level 15 in Fire Magic
 21196 | Orc:2    | Identified the +7 scimitar of Ezeegh Anufe {protect, Will+
                  | Int+3 Dex+3}
 21360 | Orc:2    | Found a staircase to the Elven Halls.
 21498 | Orc:2    | Noticed an orc warlord
 21516 | Orc:2    | Killed an orc warlord
 21516 | Orc:2    | Slain by a sun demon

Illustrated notes

Levels and vault maps discovered:
D:1:      dpeg_arrival_rooms_with_view, layout_basic, minmay_misc_feat_alley
D:2:      layout_basic, minmay_hedge_maze
D:3:      layout_loops_ring, uniq_ijyb
D:4:      layout_rooms, kennysheep_slug_shrine, temple_statues, uniq_menkaure,
          uniq_edmund
D:5:      layout_loops_ring, gammafunk_ghost_cemetery,
          minmay_shop_enchanted_jewellery, uniq_blork_the_orc
D:6:      layout_basic, nemelex_diamond_rough_becter, lemuel_round_altar,
          nicolae_ru_path_of_blood, st_stairs_6, kb_rosetta
D:7:      layout_basic, nicolae_wu_jian_immortal_techniques, glass_columns_c,
          uniq_joseph
D:8:      layout_basic
D:9:      layout_basic, mainiacjoe_overflow_brackets, led_sif_pool,
          lemuel_crystal_altar, nicolae_shop_overcharged_wands
D:10:     layout_loops_ring, nicolae_tso_carved_into_rock, glass_columns_c,
          uniq_maurice, uniq_harold
D:11:     layout_cave_pools, erik_lair_orcish_takeover, gauntlet_entry_generic,
          uniq_sonja
D:12:     layout_basic, david_orc_4, portal_ice_cave_entry_animals_and_master,
          serial_shops, shop_fountains, nicolae_shop_overgrown_old_shop,
          nicolae_shop_behind_doors, nicolae_take_the_stairs, chequers_jeans
Temple:   nicolae_temple_ecumenical_triangle
Lair:1:   layout_concentric_octagons
Lair:2:   layout_misc_corridors, swamp_mist, minmay_snake_entry_six_corridors,
          basic_altar, uniq_amaemon
Lair:3:   layout_layer_cave, grunt_megastairs_1
Lair:4:   layout_long_grid, beast_lair_carwin_6, grunt_megastairs_5
Lair:5:   minmay_lair_end_enchanted_forest, layout_gridlike,
          nicolae_slime_entry_field_trip, wad_woods_road_01,
          serial_bayou_lagoon_a, grunt_megastairs_3
Orc:1:    layout_caves
Orc:2:    st_orc_congregation, layout_caves, elf_legates

Skill      XL: |  1  2  3  4  5  6  7  8  9 10 11 12 13 14 15 |
---------------+----------------------------------------------+-----
Spellcasting   | 3 4 6 8 9 11 12 13 14 15 | 15.5
Conjurations   | 2 3 4 5 6 8 9 10 11 13 14 | 14.1
Fire Magic     | 4 5 6 7 8 10 11 12 13 14 15 | 15.2
Dodging        | 2 3 4 5 |  5.5
Shields        | 1 |  1.2
Maces & Flails | 1 3 |  3.9
Fighting       | 1 2 |  2.9
Earth Magic    | 1 3 |  3.5
Air Magic      | 1 |  1.8
Stealth        | |  2.1

Action                     |  1- 3 |  4- 6 |  7- 9 | 10-12 | 13-15 || total
---------------------------+-------+-------+-------+-------+-------++-------
  Melee: Mace              |    10 |       |       |       |       ||    10
         Whip              |     2 |     1 |    10 |       |       ||    13
         Flail             |       |       |       |    10 |       ||    10
         Morningstar       |       |       |       |    12 |    71 ||    83
   Cast: Foxfire           |    62 |    38 |   130 |   328 |   387 ||   945
         Scorch            |     2 |     6 |    24 |    72 |    52 ||   156
         Flame Wave        |       |       |     4 |    28 |    18 ||    50
         Kindle Blastspark |       |       |       |     1 |       ||     1
         Lightning Bolt    |       |       |       |     1 |    39 ||    40
         Starburst         |       |       |       |       |    72 ||    72
         Stone Arrow       |       |       |       |       |   138 ||   138
         Fireball          |       |       |       |       |    55 ||    55
    Use: Scroll            |       |     9 |     2 |    14 |    10 ||    35
         Potion            |       |       |     1 |       |     2 ||     3
 Armour: Robe              |     7 |     3 |    25 |     1 |       ||    36
         Animal skin       |       |       |       |    73 |   153 ||   226
  Dodge: Dodged            |    24 |     6 |    37 |    94 |   171 ||   332
  Block: Other             |       |       |     8 |       |       ||     8

Table legend: (Time is in decaauts)
 A = Elapsed time spent in this place.
 B = Non-inter-level travel time spent in this place.
 C = Inter-level travel time spent in this place.
 D = Time resting spent in this place.
 E = Time spent auto-exploring this place.
 F = Levels seen in this place.
 G = Mean time per level.
                   A        B        C        D        E       F      G
               +--------+--------+--------+--------+--------+-----+--------+
         Total |  21586 |  20522 |   1064 |    733 |  14970 |  22 |  981.2 |
       Dungeon |  13105 |  12428 |    677 |    537 |   9283 |  12 | 1092.1 |
        Temple |     47 |     33 |     14 |      0 |     22 |   1 |   47.0 |
          Lair |   5745 |   5374 |    371 |     39 |   4279 |   5 | 1149.0 |
  Orcish Mines |    887 |    887 |      0 |      0 |    636 |   2 |  443.5 |
      Ice Cave |   1316 |   1316 |      0 |     91 |    725 |   1 | 1316.0 |
      Gauntlet |    482 |    482 |      0 |     66 |     25 |   1 |  482.0 |
               +--------+--------+--------+--------+--------+-----+--------+

Top non-repeatable levels by time:
  Lair:5: 1794 daAuts
     D:6: 1450 daAuts
    D:12: 1379 daAuts
   IceCv: 1316 daAuts
  Lair:1: 1315 daAuts
     D:5: 1177 daAuts
    D:10: 1121 daAuts
     D:3: 1113 daAuts
     D:7: 1052 daAuts
     D:8: 1034 daAuts
    D:11: 1027 daAuts
     D:1: 1013 daAuts
     D:9: 948 daAuts
  Lair:2: 925 daAuts
     D:4: 925 daAuts
